 Dungeon Crawl Stone Soup version 0.24-a0-173-gc15b636e9c (console) character file.

Game seed: 594346742135689747

68227 Elenios the Warrior (level 14, 0/138 HPs)
             Began as a Minotaur Berserker on Mar 11, 2019.
             Was the Champion of Trog.
             Slain by an orc
             ... wielding a +0 trident
              (1 damage)
             ... on level 2 of the Orcish Mines on Mar 12, 2019.
             The game lasted 06:13:47 (21401 turns).

Elenios the Warrior (Minotaur Berserker)           Turns: 21401, Time: 06:13:48

Health: 0/138      AC: 25    Str: 23    XL:     14   Next: 85%
Magic:  13/13      EV: 14    Int:  4    God:    Trog [******]
Gold:   1374       SH:  0    Dex: 14    Spells: 13/13 levels left

rFire    + . .     SeeInvis .   J - +3 executioner's axe (freeze)
rCold    x . .     Gourm    .   (shield currently unavailable)
rNeg     . . .     Faith    .   x - +0 plate armour
rPois    .         Spirit   .   G - +2 hat {MR+}
rElec    .         Reflect  .   u - +0 cloak
rCorr    .         Harm     .   e - +2 pair of gloves
MR       +++..                  m - +0 pair of boots
Stlth    ..........             F - amulet of rage
HPRegen  0.33/turn              s - ring of protection from magic
MPRegen  0.13/turn              L - ring of fire

@: lethally poisoned (0 -> 0), berserk cooldown, slowed, very slow
A: retaliatory headbutt, horns 2
a: Berserk, Trog's Hand, Brothers in Arms, Renounce Religion, Evoke Berserk Rage


You were on level 2 of the Orcish Mines.
You worshipped Trog.
Trog was exalted by your worship.
You were hungry.

You visited 3 branches of the dungeon, and saw 21 of its levels.
You also visited: Gauntlet.

You collected 1615 gold pieces.
You spent 241 gold pieces at shops.

Inventory:

Hand Weapons
 b - a +3 vampiric war axe
 J - a +3 executioner's axe of freezing (weapon)
 K - a +5 broad axe of flaming
Armour
 e - a +2 pair of gloves (worn)
 g - a +0 shield
 j - a +2 chain mail of poison resistance
 m - a +0 pair of boots (worn)
 u - a +0 cloak (worn)
 x - a +0 plate armour (worn)
 G - a +2 hat of magic resistance (worn)
Jewellery
 n - an uncursed ring of protection from magic
 s - a ring of protection from magic (left hand)
 E - an uncursed ring of flight
 F - an amulet of rage (around neck)
 L - a ring of fire (right hand)
Wands
 f - a wand of paralysis (6)
 i - a wand of random effects (17)
 t - a wand of flame (30)
 z - a wand of digging (6)
 A - a wand of clouds (4)
 C - a wand of iceblast (4)
 H - a wand of enslavement (6)
Scrolls
 h - 3 scrolls of blinking
 k - 3 scrolls of teleportation
 l - 3 scrolls of fog
 v - 2 scrolls of fear
 y - 5 scrolls of remove curse
Potions
 a - 2 potions of invisibility
 c - 3 potions of resistance
 d - 2 potions of cancellation
 o - 2 potions of brilliance
 p - a potion of might
 q - a potion of magic {unknown}
 r - 3 potions of lignification
 B - a potion of mutation {unknown}
 D - 4 potions of curing
 I - 2 potions of agility
Comestibles
 w - 12 rations
 M - 15 chunks of flesh


   Skills:
 * Level 16.7 Fighting
 - Level 16.0 Axes
 + Level 14.4 Armour
 + Level 13.4 Dodging
 + Level 3.4 Shields


You had 13 spell levels left.
You didn't know any spells.
Your spell library was empty.

Dungeon Overview and Level Annotations

Branches:
Dungeon (13/15)            Temple (0/1) D:7            Lair (6/6) D:11
  Swamp (0/4) Lair:2       Spider (0/4) Lair:3        Slime (0/5) Lair:5
    Orc (2/2) D:11
    Elf: Orc:2       Vaults: D:13-14

Altars:
Cheibriados
Fedhas
Kikubaaqudgha
Qazlal
Vehumet
Yredelemnul
Zin
The Shining One
Jiyva

Shops:
D:4 !%(   D:12 [%(   Orc:2 (

Annotations:
D:11 3 runed translucent doors, hemabe's ghost, journeyman HuAr
Lair:4 exclusion: 3 oklob plants


Innate Abilities, Weirdness & Mutations

You reflexively headbutt those who attack you in melee.
You have a pair of horns on your head.


Message History

You resist with almost no effort.
Press: ? - help, v - describe, . - travel, g - get item
Here: an orc high priest, wielding a +0 morningstar (grey smoke, severely wounded, unusually strong)
A +0 dagger.
There is something else lying underneath.
The floor, spattered with blood.
Unknown command.
Unknown command.
You slice the orc high priest!! You freeze the orc high priest.
You kill the orc high priest!
Trog accepts your kill.
The ice devil disappears in a puff of smoke!
You slice the orc high priest!! You freeze the orc high priest!
You are no longer berserk.
You are exhausted.
You feel yourself slow down.
The orc sorcerer no longer looks unusually strong.
The orc high priest no longer looks unusually strong.
The orc hits you from afar with a +0 trident.
You die...

#.............##.....#.......
.....#####.....##............
.... #####....#............ ..
###..###)..# ..........
..÷.÷o##...# ..........
÷...÷§#.÷.## ..........
.÷..4o.§§.# .....##..#
..☼.o§§o§## .....#... ÷...÷o§@##
....... ....÷o.)# .......
......### .......
....÷##.................
######..................
...................#..
.............................####
.....#.......................#.##
................................#


You could see an orc knight, an orc high priest, a hellwing, an orc sorcerer, an
orc warrior and an orc.

Vanquished Creatures
  Gastronok (Lair:1)
  Nessos (Lair:4)
  A fire dragon (Lair:6)
  Harold (Lair:2)
  9 hydras
  3 two-headed ogres
  6 death yaks (Lair:6)
  2 orc high priests (Orc:2)
  Nergalle (Lair:3)
  An unseen horror (D:11)
  A lindwurm (Lair:6)
  5 orc knights
  An ugly thing (D:12)
  4 orc sorcerers
  A cyclops (D:12)
  An oklob plant (Lair:4)
  A torpor snail (Lair:6)
  10 elephants
  4 black mambas
  3 molten gargoyles (Lair:6)
  11 spiny frogs
  Joseph (D:8)
  A kobold demonologist (D:12)
  5 rime drakes (Lair:4)
  14 komodo dragons
  3 trolls
  8 dream sheep (Lair:6)
  A hornet (D:11)
  4 blink frogs
  7 hippogriffs
  A shadow (D:11)
  A spriggan (Lair:3)
  41 yaks
  10 wyverns
  3 wraiths
  14 basilisks
  8 vampire mosquitoes
  2 steam dragons (Lair:6)
  Menkaure (D:4)
  A warg (Orc:2)
  Edmund (D:5)
  5 hell hounds
  A soldier ant (D:10)
  12 water moccasins
  12 porcupines
  21 orc warriors
  An eye of draining (D:11)
  A sky beast (D:7)
  A phantom (D:12)
  A black bear (D:9)
  13 wolves
  10 centaurs
  12 ogres
  14 crocodiles
  3 big kobolds
  16 bullfrogs
  2 scorpions
  3 wights (D:10)
  2 howler monkeys (D:10)
  6 electric eels
  3 crimson imps
  5 lava snakes (Lair:6)
  A centaur zombie (D:10)
  A bullfrog zombie (D:7)
  2 centaur skeletons
  5 hounds
  4 jellies
  21 orc priests
  3 bullfrog skeletons
  20 orc wizards
  7 worker ants
  4 iguanas
  4 hell rats (Lair:6)
  A hound skeleton (D:5)
  A howler monkey zombie (D:7)
  4 gnolls (D:8)
  18 adders
  7 shadow imps
  8 oozes
  2 adder skeletons
  An adder zombie (D:5)
  4 worms
  4 dart slugs
  3 leopard geckos
  78 orcs
  7 bats
  5 giant cockroaches
  4 goblins (D:2)
  7 hobgoblins
  3 jackals (D:2)
  23 kobolds
  4 quokkas
  2 ball pythons (D:5)
  5 frilled lizards
  A giant cockroach zombie (D:6)
  A jackal skeleton (D:8)
  A leopard gecko skeleton (D:4)
  2 quokka skeletons
  13 rats
  2 fungi
  5 plants
627 creatures vanquished.

Vanquished Creatures (collateral kills)
  A hydra (Lair:5)
  2 acid dragons (D:11)
3 creatures vanquished.

Vanquished Creatures (others)
  3 orcs (D:11)
  4 fungi
  6 plants
13 creatures vanquished.

Grand Total: 643 creatures vanquished

Notes
Turn   | Place    | Note
-------+----------+-------------------------------------------
     0 | D:1      | Elenios the Minotaur Berserker began the quest for the Orb.
     0 | D:1      | Reached XP level 1. HP: 19/19 MP: 0/0
   150 | D:1      | Reached XP level 2. HP: 25/27 MP: 1/1
   884 | D:2      | Reached XP level 3. HP: 29/33 MP: 2/2
   975 | D:2      | Reached ** piety under Trog
  1690 | D:2      | Reached XP level 4. HP: 40/40 MP: 3/3
  2271 | D:3      | Found a glowing golden altar of the Shining One.
  2436 | D:3      | Reached skill level 5 in Axes
  2727 | D:3      | Found a blossoming altar of Fedhas.
  2913 | D:4      | Reached XP level 5. HP: 47/47 MP: 4/4
  3080 | D:4      | Found Lughakod's Distillery.
  3083 | D:4      | Bought a potion of berserk rage for 55 gold pieces
  3083 | D:4      | Bought a potion of invisibility for 88 gold pieces
  3083 | D:4      | Bought a potion of might for 44 gold pieces
  3305 | D:4      | Found a snail-covered altar of Cheibriados.
  3385 | D:4      | Noticed Menkaure
  3395 | D:4      | Killed Menkaure
  3395 | D:4      | Reached *** piety under Trog
  3395 | D:4      | Reached XP level 6. HP: 24/55 MP: 5/5
  3646 | D:4      | Reached skill level 5 in Fighting
  3766 | D:4      | Found Vomeazar's Antique Weapon Boutique.
  3954 | D:4      | Found Cesant's Food Shop.
  4002 | D:5      | Entered Level 5 of the Dungeon
  4002 | D:5      | Found a radiant altar of Vehumet.
  4080 | D:5      | Found a glowing silver altar of Zin.
  4672 | D:5      | Reached XP level 7. HP: 61/61 MP: 6/6
  4742 | D:5      | Noticed Edmund
  4754 | D:5      | Killed Edmund
  5039 | D:6      | Reached skill level 5 in Armour
  5349 | D:6      | Reached skill level 5 in Dodging
  5349 | D:6      | Reached XP level 8. HP: 69/70 MP: 7/7
  5668 | D:6      | Found a glowing golden altar of the Shining One.
  6112 | D:7      | Found an ancient bone altar of Kikubaaqudgha.
  6118 | D:7      | Found a basalt altar of Yredelemnul.
  6144 | D:7      | Found a staircase to the Ecumenical Temple.
  6161 | D:7      | Reached **** piety under Trog
  6180 | D:7      | Reached XP level 9. HP: 79/79 MP: 8/8
  6479 | D:7      | Found a transporter.
  6484 | D:7      | Found a transporter.
  6687 | D:7      | Reached skill level 10 in Axes
  6896 | D:8      | Noticed Joseph
  6910 | D:8      | Killed Joseph
  7331 | D:8      | Found a stormy altar of Qazlal.
  7337 | D:8      | Reached ***** piety under Trog
  7526 | D:9      | Noticed a seven-headed hydra
  7528 | D:9      | Noticed a purple ugly thing
  7580 | D:9      | Noticed a troll
  7593 | D:9      | Killed a troll
  7767 | D:9      | Reached XP level 10. HP: 67/90 MP: 9/9
  7793 | D:9      | Received a gift from Trog
  7987 | D:9      | Noticed an eight-headed hydra
  7996 | D:9      | Killed a 13-headed hydra
  8141 | D:9      | Noticed a two-headed ogre
  8150 | D:9      | Killed a two-headed ogre
  8581 | D:10     | Entered Level 10 of the Dungeon
  9639 | D:11     | Reached XP level 11. HP: 86/99 MP: 10/10
  9865 | D:11     | Reached skill level 10 in Fighting
  9961 | D:11     | Noticed a two-headed ogre
  9964 | D:11     | Found a staircase to the Lair.
  9969 | D:11     | Killed a two-headed ogre
 10070 | D:12     | Found Onisch's Food Shoppe.
 10150 | D:12     | Reached skill level 10 in Armour
 10417 | D:11     | Noticed a minotaur
 10420 | D:11     | Noticed hemabe's ghost (journeyman HuAr)
 10443 | D:11     | Found a runed translucent gate.
 10443 | D:11     | Found a runed translucent gate.
 10443 | D:11     | Found a runed translucent gate.
 10649 | D:11     | Killed an unseen horror
 11572 | D:11     | Found a staircase to the Orcish Mines.
 11706 | Lair:1   | Entered Level 1 of the Lair of Beasts
 11878 | Lair:1   | Upgraded the game from 0.24-a0-170-gd8427f5388 to
                  | 0.24-a0-173-gc15b636e9c
 12023 | Lair:1   | Received a gift from Trog
 12286 | Lair:1   | Noticed a six-headed hydra
 12290 | Lair:1   | Reached skill level 10 in Dodging
 12298 | Lair:1   | Killed an 11-headed hydra
 12298 | Lair:1   | Reached XP level 12. HP: 100/110 MP: 11/11
 13181 | Lair:1   | Noticed Gastronok
 13194 | Lair:1   | Killed Gastronok
 13194 | Lair:1   | Reached skill level 15 in Axes
 13606 | Lair:2   | Found a staircase to the Swamp.
 13877 | Lair:2   | Noticed Harold
 13893 | Lair:2   | Killed Harold
 14722 | Lair:3   | Noticed Nergalle
 14746 | Lair:3   | Killed Nergalle
 14834 | Lair:3   | Reached XP level 13. HP: 119/119 MP: 12/12
 15091 | Lair:3   | Found a hole to the Spider Nest.
 15761 | Lair:4   | Reached ****** piety under Trog
 15774 | Lair:4   | Received a gift from Trog
 16385 | Lair:4   | Noticed Nessos
 16404 | Lair:4   | Killed Nessos
 17543 | Lair:5   | Found a viscous altar of Jiyva.
 17543 | Lair:5   | Found a staircase to the Slime Pits.
 17749 | Lair:6   | Entered Level 6 of the Lair of Beasts
 17775 | Lair:6   | Reached XP level 14. HP: 133/133 MP: 13/13
 17881 | Lair:6   | Reached skill level 15 in Fighting
 17968 | Lair:6   | Received a gift from Trog
 18109 | Lair:6   | Found a gate leading to a gauntlet.
 18118 | Gauntlet | Entered a Gauntlet
 18118 | Gauntlet | Found a transporter.
 18118 | Gauntlet | Found a transporter.
 18128 | Gauntlet | Found a transporter.
 18131 | Gauntlet | Found a transporter.
 18135 | Gauntlet | Found a runed translucent door.
 18139 | Gauntlet | Found a transporter.
 18139 | Gauntlet | Identified the amulet "Rosaaw Dihoi" {+Inv rElec MR+ Regen+
                  | Dex+4}
 18142 | Gauntlet | Found a transporter.
 18150 | Gauntlet | Found a transporter.
 18151 | Gauntlet | Found a runed translucent door.
 18183 | Gauntlet | Found a transporter.
 19271 | Lair:6   | Found a large runed translucent door.
 19272 | Lair:6   | Found a large runed translucent door.
 19850 | D:12     | Found Pefiybet's Armour Shop.
 19858 | D:12     | Bought a +0 shield for 54 gold pieces
 20002 | D:12     | Found Mugaso's Weapon Boutique.
 20096 | D:12     | Reached skill level 1 in Shields
 20509 | Orc:1    | Entered Level 1 of the Orcish Mines
 20817 | Orc:2    | Entered Level 2 of the Orcish Mines
 20828 | Orc:2    | Received a gift from Trog
 21135 | Orc:2    | Found Igoac's Weapon Shop.
 21395 | Orc:2    | HP: 7/207 [orc high priest/+0 flail (6)]
 21395 | Orc:2    | HP: 2/207 [orange demon[an orc sorcerer] (5)]
 21400 | Orc:2    | HP: 2/207 [poisoned by an orc wizard]
 21401 | Orc:2    | Slain by an orc

Levels and vault maps discovered:
D:1:      psy_arrival_terrarium, layout_basic, st_stairs_7
D:2:      cheibrodos_helix_gallery, layout_basic, st_stairs_2
D:3:      layout_basic, nicolae_tso_carved_into_rock,
          nicolae_overflow_crystal_walls
D:4:      layout_loops_corners, kennysheep_slug_shrine, first_ration,
          serial_shops, shop, kennysheep_mini, nicolae_shop_crystal,
          uniq_menkaure
D:5:      layout_basic, fiery_altar_vehumet, zin_academy, portal_sewer_entry_e,
          uniq_edmund
D:6:      layout_basic, basic_altar
D:7:      layout_cave_pools, gammafunk_temple_of_torment,
          minmay_temple_entry_junction_2, hangedman_decor_slide_cut
D:8:      layout_basic, kennysheep_little_box, hangedman_little_slice_of_home,
          uniq_joseph
D:9:      cheibrodos_elevator_heist, layout_cave_pools, special_room
          [special_room_orc]
D:10:     layout_rooms
D:11:     layout_basic, minmay_lair_entry_grove, erik_orc_2,
          maelrawn_ghost_gauntlet_escape
D:12:     layout_basic, serial_shops, shop, shop, shop_statue
D:13:     layout_loops_ring, david_vaults_5, basic_altar, uniq_frances
Lair:1:   layout_concentric_octagons, nzn_random_ring, uniq_gastronok
Lair:2:   layout_regular_city, swamp_mist_pool, uniq_harold
Lair:3:   layout_hall_layers, spider_nest_entry_web_field,
          grunt_forest_large_clearing_hut, grunt_megastairs_3, uniq_nergalle
Lair:4:   layout_roguey [special_room_mythical_zoo], minmay_lair_oklob_chamber,
          serial_bayou_shore_a, uniq_nessos
Lair:5:   layout_hall_layers, slime_altar_1
Lair:6:   cheibrodos_lair_end_hotspot, layout_hall_layers,
          gauntlet_entry_generic
Orc:1:    layout_caves
Orc:2:    grunt_orc_tribal_feast, layout_caves, serial_shops,
          nicolae_shop_crystal
Gauntlet: minmay_gauntlet_mixed_big_or_small
          [gammafunk_gauntlet_arena_split_diamond,
          minmay_gauntlet_arena_77_hold_the_fort,
          minmay_gauntlet_arena_make_your_own_arena,
          minmay_gauntlet_arena_77_shame_cube, nicolae_gauntlet_swirl,
          minmay_gauntlet_arena_77_tiled_triplets, gauntlet_exit_green]

Skill      XL: |  1  2  3  4  5  6  7  8  9 10 11 12 13 14 |
---------------+-------------------------------------------+-----
Axes           | 4 5 6 8 9 11 12 14 16 | 16.0
Fighting       | 4 5 6 7 8 9 11 12 14 16 | 16.7
Armour         | 3 4 5 6 8 9 10 12 13 14 | 14.4
Dodging        | 3 4 5 6 7 8 10 11 12 13 | 13.4
Shields        | 3 |  3.4

Action                   |  1- 3 |  4- 6 |  7- 9 | 10-12 | 13-15 || total
-------------------------+-------+-------+-------+-------+-------++-------
Melee: Hand axe          |    80 |   151 |    33 |       |       ||   264
       Headbutt          |    10 |    27 |    45 |   126 |   132 ||   340
       War axe           |       |       |   229 |   538 |   309 ||  1076
       Broad axe         |       |       |       |       |   191 ||   191
       Executioner's axe |       |       |       |       |    59 ||    59
Invok: Berserk           |       |     1 |     6 |     6 |     9 ||    22
       Brothers in Arms  |       |       |       |     2 |     1 ||     3
Evoke: Wand              |       |       |       |    40 |     1 ||    41
  Use: Scroll            |     5 |     3 |     2 |    12 |     4 ||    26
       Potion            |     1 |     2 |       |     7 |     8 ||    18
 Stab: Paralysed         |       |       |       |       |     3 ||     3
       Invisible         |       |       |       |       |     2 ||     2
  Eat: Chunk             |     2 |     4 |     2 |    12 |    10 ||    30
       Ration            |       |     2 |     5 |     5 |     7 ||    19
Armor: Animal skin       |     3 |       |       |       |       ||     3
       Leather armour    |    16 |     5 |       |       |       ||    21
       Chain mail        |       |    68 |    30 |       |       ||    98
       Plate armour      |       |       |   152 |   404 |   492 ||  1048
Dodge: Dodged            |    52 |    77 |   149 |   308 |   461 ||  1047
Block: Shield            |       |       |       |       |    29 ||    29

Table legend:
 A = Non-vault XP
 B = Vault XP
 C = Vault XP percentage of total XP
 D = Non-vault monster count
 E = Vault monster count
 F = Vault count percentage of total count
                 A         B        C        D         E       F
            +---------+---------+-------+---------+---------+-------
      Total |   64446 |   33022 |  33.9 |     442 |     181 |  29.1
            +---------+---------+-------+---------+---------+-------
        D:1 |      35 |       1 |   2.8 |      18 |       1 |   5.3
        D:2 |      71 |       8 |  10.1 |      20 |       5 |  20.0
        D:3 |      79 |       0 |   0.0 |      20 |       0 |   0.0
        D:4 |     173 |     176 |  50.4 |       9 |       2 |  18.2
        D:5 |     304 |     179 |  37.1 |      11 |       9 |  45.0
        D:6 |    1044 |       0 |   0.0 |      22 |       0 |   0.0
        D:7 |     913 |     440 |  32.5 |      29 |       3 |   9.4
        D:8 |     316 |     577 |  64.6 |      19 |       9 |  32.1
        D:9 |    4231 |     110 |   2.5 |      33 |      24 |  42.1
       D:10 |    1786 |       0 |   0.0 |      19 |       0 |   0.0
       D:11 |    3615 |    2616 |  42.0 |      30 |      31 |  50.8
       D:12 |    5762 |       0 |   0.0 |      31 |       0 |   0.0
     Lair:1 |    6148 |    4623 |  42.9 |      27 |      12 |  30.8
     Lair:2 |    2596 |    1002 |  27.8 |      14 |       1 |   6.7
     Lair:3 |    7567 |    1684 |  18.2 |      26 |       4 |  13.3
     Lair:4 |    1880 |    8813 |  82.4 |       7 |      30 |  81.1
     Lair:5 |    6979 |       0 |   0.0 |      17 |       0 |   0.0
     Lair:6 |   16484 |    7153 |  30.3 |      53 |      26 |  32.9
      Orc:1 |    2471 |       0 |   0.0 |      13 |       0 |   0.0
      Orc:2 |    1992 |    5640 |  73.9 |      24 |      24 |  50.0
            +---------+---------+-------+---------+---------+-------
